 Dungeon Crawl Stone Soup version 0.30.1-4-g462c640d31 (webtiles) character file.

Game seed: 11090881011386174272

1404 rvierbuc the Conjurer (level 8, -1/66 HPs)
             Began as a Demigod Conjurer on Aug 20, 2023.
             Slain by Pikel
             ... wielding a +2 whip of freezing
              (10 damage)
             ... on level 6 of the Dungeon.
             The game lasted 00:22:45 (5787 turns).

rvierbuc the Conjurer (Demigod Conjurer)            Turns: 5787, Time: 00:22:45

Health: -1/66      AC:  6    Str:  8    XL:     8   Next: 18%
Magic:  3/19       EV: 12    Int: 28    God:
Gold:   591        SH:  0    Dex: 12    Spells: 10/17 levels left

rFire   . . .        w - +11 plutonium sword {Contam Stlth-}
rCold   . . .        (shield currently unavailable)
rNeg    . . .        a - +0 robe
rPois   .            o - +0 helmet
rElec   .            y - +0 cloak
rCorr   +            l - +0 pair of gloves
SInv    .            g - +0 pair of boots
Will    .....        (no amulet)
Stlth   +            f - ring of resist corrosion
HPRegen 0.31/turn    (no ring)
MPRegen 0.16/turn

%: no passive effects
@: no status effects
A: high MP 1, forlorn, divine attributes
a: no special abilities


You were on level 6 of the Dungeon.
You visited 1 branch of the dungeon, and saw 6 of its levels.

You collected 591 gold pieces.

Inventory:

Hand Weapons
 b - a +2 vampiric whip
 m - a +0 glaive of protection
 q - a +7 dire flail
 v - a +1 vampiric dagger
 w - the +11 plutonium sword (weapon) {Contam Stlth-}
   (You took it off a centaur on level 6 of the Dungeon)

   Contam:    It causes magical contamination when unequipped.
   Stlth:     It makes you less stealthy.
Armour
 a - a +0 robe (worn)
 g - a +0 pair of boots (worn)
 l - a +0 pair of gloves (worn)
 o - a +0 helmet (worn)
 y - a +0 cloak (worn)
Magical Staves
 p - a staff of poison
Jewellery
 f - a ring of resist corrosion (left hand)
 t - a ring of positive energy
Scrolls
 c - 2 scrolls of immolation
 d - 4 scrolls of fear {unknown}
 e - a scroll of blinking {unknown}
 j - 3 scrolls of poison
 n - 3 scrolls of enchant armour
 A - 2 scrolls of identify
Potions
 h - a potion of haste
 i - a potion of ambrosia
 k - a potion of attraction {unknown}
 r - 2 potions of heal wounds {unknown}
 s - a potion of lignification
 u - a potion of might {unknown}
 x - a potion of resistance {unknown}
 z - a potion of mutation {unknown}


   Skills:
 * Level 3.9 Fighting
 + Level 0.2 Long Blades
 - Level 1.3 Maces & Flails
 - Level 0.9 Polearms
 + Level 2.8 Dodging
 + Level 3.3 Stealth
 + Level 5.2 Spellcasting
 + Level 6.1 Conjurations
 + Level 0.5 Hexes


You had 10 spell levels left.
You knew the following spells:

 Your Spells              Type           Power      Damage    Failure   Level
a - Magic Dart            Conj           100%       1d8       1%          1
b - Searing Ray           Conj           82%        2d7       1%          2
c - Fulminant Prism       Conj/Hex       13%        3d9       16%         4

Your spell library contained the following spells:

 Spells                   Type           Power      Damage    Failure   Level
 Dazzling Flash           Conj/Hex       52%        N/A       4%          3
 Tukima's Dance           Hex            10%        N/A       16%         3
 Inner Flame              Hex/Fire       9%         N/A       17%         3
 Portal Projectile        Hex/Tloc       18%        N/A       17%         3
 Flame Wave               Conj/Fire      24%        2d8       19%         4
 Iskenderun's Mystic Bla  Conj/Tloc      24%        2d7       19%         4
 Sticky Flame             Conj/Fire      24%        2d5       19%         4
 Call Canine Familiar     Summ           7%         N/A       21%         3
 Leda's Liquefaction      Hex/Erth       4%         N/A       50%         4
 Blade Hands              Tmut           3%         N/A       88%         5


Dungeon Overview and Level Annotations

Branches:
Dungeon (6/15)
 Temple: D:4-7

Annotations:
D:3 Terence
D:4 Dowan, Duvessa
D:6 Pikel


Innate Abilities, Weirdness & Mutations

You have an increased reservoir of magic. (+10% MP)
You shall have no god before yourself.
Your divine heritage dramatically boosts your attributes as you level up.


Message History

You kill the lemure!
That felt strangely unrewarding.
The searing ray hits the lemure!
The lemure is severely wounded.
Pikel hits you with a +2 whip of freezing!
Pikel freezes you.
The searing ray hits Pikel.
Pikel is heavily wounded.
The searing ray misses the lemure.
Pikel hits you with a +2 whip of freezing.
Pikel freezes you.
The searing ray hits Pikel.
Pikel is severely wounded.
The searing ray hits the lemure.
You kill the lemure!
That felt strangely unrewarding.
You finish channelling your searing ray.
Pikel hits you with a +2 whip of freezing.
Pikel freezes you.
Casting: Searing Ray (safe; 1% risk of failure)
Confirm with . or Enter, or press ? or * to list all spells.
Aiming: Searing Ray (safe; 1% risk of failure)
Press: ? - help, Shift-Dir - straight line, f/p - Pikel
Aim: Pikel, wielding a +2 whip of freezing and wearing a +2 robe (severely wounded, 77% to hit)
The searing ray hits Pikel.
Pikel is severely wounded. (Press . to maintain the ray.) Pikel barely misses you.
The searing ray hits Pikel but does no damage.
Pikel is severely wounded.
Pikel hits you with a +2 whip of freezing!
* * * LOW HITPOINT WARNING * * *
Pikel freezes you.
* * * LOW HITPOINT WARNING * * *
The searing ray hits Pikel.
Pikel is almost dead.
Pikel hits you but does no damage.
The searing ray misses Pikel.
You finish channelling your searing ray.
Pikel hits you with a +2 whip of freezing!
You die...

#.# #........# # #.#
###........##### ..#
#............)..
#.#......>.####.
#.#.).....#####.
#.#.......##.... ..
#.####...#...###
....#####.#####.........
......K@#.......#.......
....###.#.#####.....###.
( #.#.######.#..# #.
....###.............# ##
..........#########.#
.########## #.####
#..... ######


You could see Pikel.

Vanquished Creatures
  A water moccasin (D:5)
  A black bear (D:5)
  An ogre (D:5)
  A centaur (D:6)
  4 lemures (D:6)
  3 phantoms
  A bullfrog (D:6)
  A scorpion (D:5)
  3 jellies
  A wight (D:5)
  A howler monkey (D:4)
  2 hounds
  2 gnoll boudas
  3 iguanas (D:5)
  2 sleepcaps (D:5)
  2 orc wizards
  5 gnolls (D:4)
  8 adders
  2 worms (D:5)
  4 dart slugs
  8 orcs
  5 endoplasms
  3 giant cockroaches
  3 goblins
  10 hobgoblins
  5 quokkas
  5 ball pythons
  4 bats
  2 frilled lizards (D:1)
  7 kobolds
  2 rats (D:1)
102 creatures vanquished.

Vanquished Creatures (others)
  A fulminant prism (D:5)
1 creature vanquished.

Grand Total: 103 creatures vanquished

Notes
Turn   | Place    | Note
-------+----------+-------------------------------------------
     0 | D:1      | rvierbuc the Demigod Conjurer began the quest for the Orb.
     0 | D:1      | Reached XP level 1. HP: 14/14 MP: 5/5
   417 | D:1      | Reached XP level 2. HP: 20/20 MP: 4/7
   910 | D:1      | Reached skill level 4 in Conjurations
  1661 | D:2      | Reached XP level 3. HP: 27/27 MP: 2/8
  2541 | D:3      | Reached skill level 1 in Fighting
  2572 | D:3      | Noticed Terence
  2596 | D:4      | Learned a level 2 spell: Searing Ray
  2648 | D:4      | Reached XP level 4. HP: 19/35 MP: 5/10
  2651 | D:4      | HP: 1/35 [gnoll bouda/+2 vampiric whip (4)]
  2880 | D:4      | Reached XP level 5. HP: 41/41 MP: 6/12
  3187 | D:4      | Noticed Duvessa
  3210 | D:4      | Noticed Dowan
  3213 | D:5      | Entered Level 5 of the Dungeon
  3213 | D:5      | Noticed a black bear
  3221 | D:5      | Killed a black bear
  3222 | D:5      | Reached XP level 6. HP: 12/48 MP: 9/14
  3576 | D:5      | Learned a level 4 spell: Fulminant Prism
  3589 | D:5      | Reached skill level 5 in Conjurations
  4295 | D:5      | Reached XP level 7. HP: 56/56 MP: 3/16
  5080 | D:5      | Reached skill level 1 in Maces & Flails
  5249 | D:6      | Reached skill level 5 in Spellcasting
  5249 | D:6      | Reached skill level 6 in Conjurations
  5249 | D:6      | Reached XP level 8. HP: 61/66 MP: 12/19
  5519 | D:6      | Identified the +7 rapier of the Nurturing Fool {freeze, rC+
                  | Str-5 SInv}
  5770 | D:6      | Noticed Pikel
  5787 | D:6      | Slain by Pikel

Illustrated notes

Levels and vault maps discovered:
D:1:      matt_arrival_grand_opening, layout_basic
D:2:      kennysheep_six_static_rooms, layout_loops_cross, basic_altar,
          eino_tiny_chamber
D:3:      layout_rooms, led_sif_book, hellmonk_ecumenical_altar_dog_temple,
          minmay_hedge_maze, kennysheep_decorative_pillar,
          corexii_hall_statues_i, lemuel_flame_loot_1, uniq_grinder,
          uniq_terence
D:4:      layout_cave_pools, hangedman_abyss_or_decor_stagger,
          nicolae_half_adder, uniq_duvessa
D:5:      minmay_polygon_palace, layout_loops_corners,
          nicolae_qazlal_general_emergency, grunt_decor_one_mirror
D:6:      layout_loops_ring, nemelex_xobeh_ov_fountains_minmay,
          grunt_temple_overflow_open, uniq_pikel

Skill      XL: |  1  2  3  4  5  6  7 |
---------------+----------------------+-----
Stealth        | 2 3 |  3.3
Conjurations   | 4 5 6 |  6.1
Spellcasting   | 2 3 4 5 |  5.2
Fighting       | 1 2 3 |  3.9
Dodging        | 2 |  2.8
Maces & Flails | 1 |  1.3
Long Blades    | |  0.2
Polearms       | |  0.9
Hexes          | |  0.5

Action                     |  1- 3 |  4- 6 |  7- 9 || total
---------------------------+-------+-------+-------++-------
  Melee: Unarmed           |    15 |       |       ||    15
         Glaive            |     6 |     1 |       ||     7
         Dire flail        |       |       |     5 ||     5
         Triple sword      |       |       |     8 ||     8
   Cast: Magic Dart        |    89 |    53 |    35 ||   177
         Searing Ray       |     1 |    18 |    13 ||    32
         Fulminant Prism   |       |     1 |       ||     1
    Use: Scroll            |     4 |     7 |       ||    11
         Potion            |       |     7 |       ||     7
 Armour: Robe              |    16 |     6 |     8 ||    30
  Dodge: Dodged            |    29 |    17 |    22 ||    68
